 Dungeon Crawl Stone Soup version 0.22-b1-26-g9dbaab1 (webtiles) character file.

126 goulibeur the Distorting Demonspawn (level 4, -6/36 HPs)
             Began as a Demonspawn Abyssal Knight on Aug 7, 2018.
             Was a Believer of Lugonu.
             Killed by nerve-wracking pain
             ... invoked by Grinder
              (12 damage)
             ... on level 4 of the Dungeon.
             The game lasted 00:10:35 (3088 turns).

goulibeur the Distorting Demonspawn (DsAK)          Turns: 3088, Time: 00:10:35

Health: -6/36      AC: 11    Str: 12    XL:     4   Next: 83%
Magic:  7/7        EV:  3    Int: 11    God:    Lugonu [**....]
Gold:   145        SH:  0    Dex: 13    Spells: 3/3 levels left

rFire    . . .     SeeInvis .   a - +1 short sword
rCold    . . .     Gourm    .   (no shield)
rNeg     . . .     Faith    .   d - +0 plate armour
rPois    .         Spirit   .   (no helmet)
rElec    .         Reflect  .   (no cloak)
rCorr    .         Harm     .   (no gloves)
MR       .....                  (no boots)
Stlth    ..........             (no amulet)
HPRegen  0.12/turn              i - -3 ring of intelligence (curse)
MPRegen  0.10/turn              (no ring)

@: no status effects
A: talons 2
a: Depart the Abyss, Bend Space, Renounce Religion


You were on level 4 of the Dungeon.
You worshipped Lugonu.
Lugonu was pleased with you.
You were not hungry.

You visited 1 branch of the dungeon, and saw 4 of its levels.
You visited the Abyss 1 time.

You collected 145 gold pieces.

Inventory:

Hand Weapons
 a - a +1 short sword (weapon)
Armour
 b - a +0 leather armour
 d - a +0 plate armour (worn)
Jewellery
 i - a cursed -3 ring of intelligence (left hand)
Scrolls
 e - 2 scrolls of teleportation {unknown}
 g - a scroll of enchant weapon {unknown}
 k - 3 scrolls of identify {unknown}
 l - 4 scrolls of remove curse {unknown}
 n - a scroll of random uselessness {unknown}
 o - 2 scrolls of amnesia {unknown}
 p - a scroll of enchant armour {unknown}
Potions
 f - 2 potions of heal wounds {unknown}
 h - a potion of resistance {unknown}
 j - a potion of ambrosia {unknown}
 m - a potion of might {unknown}
 r - a potion of flight {unknown}
 s - a potion of invisibility {unknown}
Comestibles
 c - 4 rations


   Skills:
 + Level 3.6 Fighting
 - Level 1.7 Short Blades
 + Level 2.6 Armour
 + Level 2.0 Dodging
 * Level 4.5 Invocations


You had 3 spell levels left.
You didn't know any spells.
Your spell library was empty.

Dungeon Overview and Level Annotations

Branches:
Dungeon (4/15)
 Temple: D:4-7

Altars:
Gozag
Hepliaklqana
Nemelex Xobeh
Wu Jian
The Shining One

Shops:
D:4 [

Annotations:
D:4 shop armur D4, Grinder


Innate Abilities, Weirdness & Mutations

You have razor-sharp toenails.


Message History

Grinder hits you but does no damage.
You closely miss Grinder.
Grinder is moderately wounded.
Grinder hits you.
You writhe in agony.
You barely miss Grinder. You claw Grinder, but do no damage.
Grinder is moderately wounded.
Grinder says, "Wait up."
Grinder gestures at you. Pain shoots through your body!
* * * LOW HITPOINT WARNING * * *
Okay, then.
You hit Grinder. You claw Grinder.
Grinder is moderately wounded.
Grinder gestures at you. You resist with significant effort.
You closely miss Grinder. You claw Grinder, but do no damage.
Grinder is moderately wounded.
Grinder gestures at you. Pain shoots through your body!
You die...

..............# #.#
#.........# #
####.###......#
#.............# # ...#.#
###.#### #..##.........
##...## #.#
#..#########.
#....####.## ..# .
####..##....# ..# ..
......##.#### ..#.###
#####....# ####.......
########.# #..@5...#
.........#####.###......
########.......# ####.
#######.# ###


You could see Grinder.

Vanquished Creatures
  An orc wizard (D:3)
  A gnoll (D:1)
  An adder (D:3)
  3 worms (D:2)
  2 dart slugs
  2 leopard geckos
  2 orcs (D:3)
  11 bats
  5 giant cockroaches
  10 goblins
  2 hobgoblins
  3 jackals (D:2)
  9 kobolds
  2 quokkas
  A ball python (D:2)
  3 frilled lizards
  5 rats
63 creatures vanquished.

Notes
Turn   | Place    | Note
-------+----------+-------------------------------------------
     0 | Abyss:1  | goulibeur the Demonspawn Abyssal Knight began the quest for the Orb.
     0 | Abyss:1  | Reached XP level 1. HP: 18/18 MP: 2/2
    35 | Abyss:1  | Noticed a sky beast
    36 | D:1      | Escaped the Abyss
   125 | D:1      | Reached skill level 1 in Dodging
   206 | D:1      | Gained mutation: You have sharp toenails. [demonic ancestry]
   206 | D:1      | Reached XP level 2. HP: 23/24 MP: 4/4
   242 | D:1      | Reached skill level 3 in Invocations
   295 | D:1      | Reached * piety under Lugonu
   355 | D:1      | Gained mutation: You have razor-sharp toenails. [demonic ancestry]
   355 | D:1      | Reached XP level 3. HP: 20/29 MP: 5/5
   888 | D:2      | Found an opulent altar of Gozag.
  1132 | D:2      | Found a hazy altar of Hepliaklqana.
  1132 | D:2      | Found a sparkling altar of Nemelex Xobeh.
  1133 | D:2      | Found an ornate altar of the Wu Jian Council.
  1409 | D:2      | Reached ** piety under Lugonu
  1409 | D:2      | Reached skill level 4 in Invocations
  1409 | D:2      | Reached XP level 4. HP: 35/35 MP: 5/7
  1487 | D:2      | Found a glowing golden altar of the Shining One.
  2581 | D:4      | Found Qestrih's Antique Armour Shop.
  2704 | D:4      | Noticed an ogre
  3076 | D:4      | Noticed Grinder
  3079 | D:4      | Paralysed by Grinder for 3 turns
  3088 | D:4      | Killed from afar by Grinder

Skill      XL: |  1  2  3  4 |
---------------+-------------+-----
Dodging        | 1 2 |  2.0
Armour         | 2 |  2.6
Invocations    | 3 4 |  4.5
Fighting       | |  3.6
Short Blades   | |  1.7

Action                   |  1- 3 |  4- 6 || total
-------------------------+-------+-------++-------
Melee: Short sword       |   138 |    87 ||   225
       Kick              |    28 |    18 ||    46
Invok: Depart the Abyss  |     1 |       ||     1
  Eat: Chunk             |     2 |     5 ||     7
Armor: Leather armour    |    20 |       ||    20
       Plate armour      |    54 |    51 ||   105
Dodge: Dodged            |    53 |    10 ||    63
